 Dungeon Crawl Stone Soup version 0.23.2-1-ga50397a (webtiles) character file.

Game seed: 10270544703424228884

10964 diana the Carver (level 11, -3/92 HPs)
             Began as a Demonspawn Gladiator on Apr 29, 2019.
             Was a High Priest of Okawaru.
             Slain by an ice devil (7 damage)
             ... on level 1 of the Lair of Beasts.
             The game lasted 00:24:48 (10278 turns).

diana the Carver (Demonspawn Gladiator)            Turns: 10278, Time: 00:24:50

Health: -3/92      AC: 15    Str: 20    XL:     11   Next: 43%
Magic:  11/11      EV: 16    Int: 11    God:    Okawaru [*****.]
Gold:   293        SH:  0    Dex: 20    Spells: 10/10 levels left

rFire    . . .     SeeInvis .   C - +4 scimitar
rCold    + + .     Gourm    +   (no shield)
rNeg     . . .     Faith    .   D - +1 scale mail of the Distant Future {rCorr Dex+3} (curse)
rPois    .         Spirit   .   c - +0 helmet
rElec    .         Reflect  .   (no cloak)
rCorr    +         Harm     .   A - +0 pair of gloves
MR       .....                  (no boots)
Stlth    ..........             g - amulet of the gourmand
HPRegen  0.25/turn              k - +3 ring of protection
MPRegen  0.12/turn              j - +2 ring of intelligence

@: no status effects
A: hooves 2, agile 1, cold resistance 2, powered by pain 1, robust 1, strong 1
a: Heroism, Finesse, Renounce Religion


You were on level 1 of the Lair of Beasts.
You worshipped Okawaru.
Okawaru was extremely pleased with you.
You were full.

You visited 3 branches of the dungeon, and saw 13 of its levels.
You also visited: Sewer.

You collected 483 gold pieces.
You spent 190 gold pieces at shops.

Inventory:

Hand Weapons
 u - a +3 dagger
 C - a +4 scimitar (weapon)
 F - a +3 scimitar of flaming
Missiles
 d - a throwing net (quivered)
Armour
 b - a +0 buckler
 c - a +0 helmet (worn)
 A - a +0 pair of gloves (worn)
 D - the cursed +1 scale mail of the Distant Future (worn) {rCorr Dex+3}
   (You found it on level 7 of the Dungeon)

   It affects your dexterity (+3).
   It provides partial protection from all sources of acid and corrosion.
   It has a curse placed upon it.
Jewellery
 g - an amulet of the gourmand (around neck)
 j - a +2 ring of intelligence (right hand)
 k - a +3 ring of protection (left hand)
Wands
 J - a wand of flame (9)
Scrolls
 h - 8 scrolls of blinking
 i - 4 scrolls of enchant armour
 l - 3 scrolls of teleportation
 o - 2 scrolls of amnesia
 s - 4 scrolls of immolation
 v - 2 scrolls of fog
 w - 3 scrolls of remove curse
 z - 4 scrolls of enchant weapon
 G - a scroll of holy word {unknown}
 I - a scroll of fear {unknown}
Potions
 m - a potion of invisibility
 r - a potion of curing
 E - a potion of heal wounds
 H - a potion of mutation
Comestibles
 a - 17 chunks of flesh
 f - 27 rations


   Skills:
 - Level 7.1 Fighting
 + Level 10.8 Long Blades
 - Level 1.7 Throwing
 - Level 8.5 Armour
 - Level 8.0 Dodging


You had 10 spell levels left.
You didn't know any spells.
Your spell library contained the following spells:

 Spells                   Type           Power        Failure   Level  Hunger
 Shock                    Conj/Air       #...         65%         1    ##.....
 Swiftness                Chrm/Air       #.......     78%         2    ###....
 Static Discharge         Conj/Air       #.......     95%         3    ####...
 Airstrike                Air            #.........   100%        4    #####..
 Ice Form                 Ice/Tmut       #.......     100%        4    #####..
 Lightning Bolt           Conj/Air       #.........   100%        5    ######.
 Metabolic Englaciation   Hex/Ice        #.........   100%        5    ######.
 Bolt of Cold             Conj/Ice       #.........   100%        6    #######
 Freezing Cloud           Conj/Ice/Air   #.........   100%        6    #######
 Ozocubu's Refrigeration  Ice            #.........   100%        6    #######
 Simulacrum               Ice/Necr       #.........   100%        6    #######


Dungeon Overview and Level Annotations

Branches:
Dungeon (11/15)            Temple (1/1) D:6            Lair (1/6) D:9
    Orc (0/2) D:11

Altars:
Ashenzari
Cheibriados
Dithmenos
Elyvilon
Fedhas
Gozag
Hepliaklqana
Kikubaaqudgha
Makhleb
Nemelex Xobeh
Okawaru
Qazlal
Ru
Sif Muna
Trog
Uskayaw
Vehumet
Wu Jian
Xom
Yredelemnul
Zin
The Shining One

Shops:
D:7 ?

Portals:
Ice
Cave: Lair:1

Annotations:
D:9 2 transporters, totalnoob's ghost, journeyman GnEE
D:11 Fannar


Innate Abilities, Weirdness & Mutations

You have hoof-like feet.
Your flesh is very cold resistant. (rC++)
You sometimes gain a little power by taking damage.
You are agile. (Dex +2)
You are robust. (+10% HP)
Your muscles are strong. (Str +2)


Message History

The ice devil freezes you. You resist.
* * * LOW HITPOINT WARNING * * *
Unknown command.
You closely miss the ice devil.
You kick the ice devil, but do no damage.
The ice devil is heavily wounded.
The ice devil hits you.
* * * LOW HITPOINT WARNING * * *
The ice devil freezes you! You resist.
* * * LOW HITPOINT WARNING * * *
You hit the ice devil but do no damage.
The ice devil is heavily wounded.
The ice devil hits you but does no damage.
Unknown command.
You closely miss the ice devil. Your kick misses the ice devil.
The ice devil is heavily wounded.
The ice devil hits you!
* * * LOW HITPOINT WARNING * * *
The ice devil freezes you! You resist.
You die...

* *,,,,*#...#####.#..#.....⌠,,,,*
***≈,,,*#.............##....,,,**
**≈≈≈≈**#................#,⌠,**,,
≈≈≈≈*****................#,,,,,,,
≈≈***,,,,...................,,,,,
***,,,,,,...................,,,,,
,,,,,,,,,....?..............,,,,,
,**+*,**,.....#..#+.P#......,,,,,
***,,***,....###@#+###.....P****,
***+***,,...,* #4..# *......*,,*,
,,,,,+,+,,,,,* ##.## *,....**,,,,
**,,,***,,,,,***#.#***,,,,,,,,,,,
****,*,,,,,,**,...,**,,,,,**,,,,
****,,,,,**,....**,,,,,,,,,,,
********,,,,,**.....**,,,,,**,,,,
,,,,,,,,,,,,,**..∩..#*,,,,,*,****
,,,,,,,,,,,,,*#######*,,,,,******


You could see an ice devil.

Vanquished Creatures
  Snorg (D:10)
  Erica (D:10)
  Pikel (D:5)
  Joseph (D:7)
  2 komodo dragons
  An ice devil (Lair:1)
  The ghost of shugdite the Carver, an amateur MiBe of Trog (D:4)
  2 hippogriffs
  A spriggan (D:8)
  4 yaks (Lair:1)
  A basilisk (Lair:1)
  2 wyverns (D:8)
  A hungry ghost (D:10)
  2 steam dragons (D:5)
  A water moccasin (D:11)
  4 orc warriors
  A sky beast (D:6)
  A black bear (D:7)
  4 phantoms
  3 slaves (D:5)
  A necrophage (D:10)
  10 ogres
  3 crocodiles
  4 centaurs (D:7)
  A big kobold (D:10)
  7 bullfrogs
  3 scorpions
  2 wyvern skeletons
  3 killer bees (D:9)
  7 wights
  4 howler monkeys
  8 crimson imps
  A centaur zombie (D:6)
  2 centaur skeletons
  4 hounds
  3 orc priests
  A jelly (D:8)
  5 orc wizards
  3 bullfrog skeletons
  Ijyb (D:4)
  Natasha (thrice) (D:4)
  6 iguanas
  5 worker ants
  A howler monkey zombie (D:6)
  Robin (D:4)
  16 gnolls
  19 adders
  3 shadow imps
  11 oozes (Sewer)
  2 adder skeletons (D:4)
  2 worms (D:3)
  2 dart slugs
  22 leopard geckos
  25 orcs
  15 ball pythons
  6 bats
  17 giant cockroaches
  14 goblins
  12 hobgoblins
  27 jackals
  4 quokkas
  10 frilled lizards
  A giant cockroach zombie (D:5)
  A jackal skeleton (D:4)
  A jackal zombie (D:7)
  12 kobolds
  6 rats
352 creatures vanquished.

Vanquished Creatures (others)
  3 fungi (D:5)
3 creatures vanquished.

Grand Total: 355 creatures vanquished

Notes
Turn   | Place    | Note
-------+----------+-------------------------------------------
     0 | D:1      | diana the Demonspawn Gladiator began the quest for the Orb.
     0 | D:1      | Reached XP level 1. HP: 16/16 MP: 1/1
    84 | D:1      | Gained mutation: Your flesh is cold resistant. (rC+)
                  | [demonic ancestry]
    84 | D:1      | Reached XP level 2. HP: 15/22 MP: 2/2
   363 | D:1      | Reached skill level 3 in Long Blades
   417 | D:2      | Reached skill level 1 in Armour
   420 | D:2      | Gained mutation: You have large cloven feet. [demonic
                  | ancestry]
   420 | D:2      | Reached XP level 3. HP: 27/28 MP: 3/3
   731 | D:2      | Reached XP level 4. HP: 18/34 MP: 4/4
  1713 | D:3      | Reached XP level 5. HP: 31/41 MP: 5/5
  1751 | D:3      | Found a bloodstained altar of Trog.
  1761 | D:3      | Reached skill level 4 in Long Blades
  2027 | D:2      | Reached XP level 6. HP: 15/48 MP: 4/6
  2572 | D:3      | Found a basalt altar of Yredelemnul.
  3023 | D:4      | Found a glowing drain.
  3026 | D:4      | Noticed Natasha
  3026 | D:4      | Noticed an orc warrior
  3048 | D:4      | Gained mutation: Your muscles are strong. (Str +2) [potion
                  | of mutation]
  3048 | D:4      | Gained mutation: You are agile. (Dex +2) [potion of
                  | mutation]
  3048 | D:4      | Gained mutation: You are robust. (+10% HP) [potion of
                  | mutation]
  3048 | D:4      | Gained mutation: Your flesh is very cold resistant. (rC++)
                  | [potion of mutation]
  3055 | D:4      | Killed an orc warrior
  3055 | D:4      | Gained mutation: You have hoof-like feet. [demonic
                  | ancestry]
  3055 | D:4      | Reached XP level 7. HP: 29/60 MP: 7/7
  3063 | D:4      | Killed Natasha
  3063 | D:4      | Reached skill level 5 in Long Blades
  3089 | Sewer    | Entered a sewer
  3270 | Sewer    | Reached skill level 5 in Fighting
  3712 | D:4      | Noticed Natasha
  3724 | D:4      | Killed Natasha
  3726 | D:4      | Noticed Natasha
  3735 | D:4      | Killed Natasha
  4037 | D:4      | Found a runed translucent door.
  4042 | D:4      | Noticed shugdite's ghost (amateur MiBe)
  4076 | D:4      | Noticed Robin
  4084 | D:4      | Killed Robin
  4090 | D:4      | Gained mutation: You sometimes gain a little power by
                  | taking damage. [demonic ancestry]
  4090 | D:4      | Reached XP level 8. HP: 58/69 MP: 8/8
  4264 | D:4      | Found a runed translucent door.
  4359 | D:4      | Noticed Ijyb
  4380 | D:4      | Killed Ijyb
  4472 | D:4      | Killed shugdite's ghost
  4515 | D:5      | Entered Level 5 of the Dungeon
  4530 | D:5      | Reached skill level 5 in Armour
  4554 | D:5      | Reached skill level 6 in Long Blades
  4808 | D:5      | Noticed Pikel
  4811 | D:5      | You fall through a shaft for 2 floors!
  4949 | D:6      | Reached XP level 9. HP: 49/78 MP: 9/9
  5110 | D:6      | Found a staircase to the Ecumenical Temple.
  5123 | Temple   | Entered the Ecumenical Temple
  5293 | Temple   | Became a worshipper of Warmaster Okawaru
  5692 | D:6      | Reached skill level 7 in Long Blades
  5706 | D:6      | Found a bloodstained altar of Trog.
  5802 | D:6      | Reached skill level 5 in Dodging
  5902 | D:5      | Killed Pikel
  5902 | D:5      | Reached * piety under Okawaru
  6325 | D:6      | Reached ** piety under Okawaru
  6474 | D:7      | Got a dazzling scale mail
  6485 | D:7      | Identified the cursed +1 scale mail of the Distant Future
                  | {rCorr Dex+3} (You found it on level 7 of the Dungeon)
  6600 | D:7      | Identified the cursed +0 trident "Miepnof" {venom, Fragile
                  | rPois MP+9 Dex+4}
  6632 | D:7      | Reached skill level 8 in Long Blades
  6662 | D:7      | Noticed Joseph
  6679 | D:7      | Killed Joseph
  6679 | D:7      | Reached XP level 10. HP: 38/84 MP: 10/10
  7186 | D:7      | Found Olares's Magic Scroll Boutique.
  7208 | D:7      | Bought a scroll of teleportation for 30 gold pieces
  7208 | D:7      | Bought a scroll of enchant weapon for 75 gold pieces
  7208 | D:7      | Bought a scroll of noise for 10 gold pieces
  7208 | D:7      | Bought a scroll of blinking for 75 gold pieces
  7645 | D:8      | Reached *** piety under Okawaru
  8108 | D:9      | Found a staircase to the Lair.
  8109 | D:9      | Found a transporter.
  8161 | D:9      | Noticed totalnoob's ghost (journeyman GnEE)
  8169 | D:9      | Found a transporter.
  8176 | D:9      | Found an iron altar of Okawaru.
  8271 | D:9      | Reached skill level 9 in Long Blades
  8476 | D:10     | Entered Level 10 of the Dungeon
  8496 | D:10     | Reached **** piety under Okawaru
  8556 | D:10     | Noticed Snorg
  8570 | D:10     | Killed Snorg
  8570 | D:10     | Reached ***** piety under Okawaru
  8570 | D:10     | Reached XP level 11. HP: 34/91 MP: 11/11
  8673 | D:10     | Noticed Erica
  8688 | D:10     | Killed Erica
  8688 | D:10     | Received a gift from Okawaru
  9497 | D:11     | Found a staircase to the Orcish Mines.
  9557 | D:11     | Reached skill level 10 in Long Blades
  9693 | D:11     | Noticed Fannar
  9780 | Lair:1   | Entered Level 1 of the Lair of Beasts
 10249 | Lair:1   | Found a frozen archway.
 10278 | Lair:1   | HP: 4/92 [ice devil (10)]
 10278 | Lair:1   | Slain by an ice devil

Skill      XL: |  1  2  3  4  5  6  7  8  9 10 11 |
---------------+----------------------------------+-----
Dodging        | 3 4 6 7 8 |  8.0
Long Blades    | 3 4 5 6 8 9 10 | 10.8
Armour         | 1 2 3 4 5 7 8 |  8.5
Fighting       | 3 4 5 6 7 |  7.1
Throwing       | |  1.7

Action                   |  1- 3 |  4- 6 |  7- 9 | 10-12 || total
-------------------------+-------+-------+-------+-------++-------
Melee: Long sword        |   115 |   163 |   472 |       ||   750
       Kick              |    16 |    48 |   206 |   142 ||   412
       Scimitar          |       |       |    47 |   300 ||   347
Throw: Throwing net      |       |     2 |       |     1 ||     3
Invok: Heroism           |       |       |       |     2 ||     2
  Use: Potion            |     2 |     8 |     2 |     2 ||    14
       Scroll            |       |     2 |     2 |     9 ||    13
 Stab: Held in net/web   |       |     2 |       |     1 ||     3
       Sleeping          |       |       |     1 |       ||     1
  Eat: Chunk             |       |     7 |    22 |    15 ||    44
Armor: Leather armour    |    55 |    39 |   102 |       ||   196
       Scale mail        |       |       |    86 |   112 ||   198
       Skin              |       |       |    31 |       ||    31
       Steam dragon scal |       |       |     6 |       ||     6
Dodge: Dodged            |   158 |   142 |   363 |   176 ||   839
       Rpst.: Long sword |    51 |    42 |   102 |       ||   195
       Scimitar          |       |       |     3 |    50 ||    53
